 Dungeon Crawl Stone Soup version 0.30.1-11-g7821555f0a (webtiles) character file.

Game seed: 16215931774987454869

171 ChrisAssaf the Insei (level 5, -9/37 HPs)
             Began as a Human Transmuter on Nov 26, 2023.
             Mangled by Menkaure (13 damage)
             ... on level 5 of the Dungeon.
             The game lasted 00:06:22 (1319 turns).

ChrisAssaf the Insei (Human Transmuter)             Turns: 1319, Time: 00:06:22

Health: -9/37      AC:  2    Str: 10    XL:     5   Next: 81%
Magic:  6/9        EV: 12    Int: 16    God:
Gold:   102        SH:  0    Dex: 13    Spells: 3/9 levels left

rFire   . . .        n - +3 dagger
rCold   . . .        (no shield)
rNeg    . . .        a - +0 robe
rPois   .            (helmet currently unavailable)
rElec   .            (no cloak)
rCorr   .            (no gloves)
SInv    .            (boots currently unavailable)
Will    +....        (no amulet)
Stlth   ++           h - ring of willpower
HPRegen 0.26/turn    (no ring)
MPRegen 0.11/turn

%: no passive effects
@: brilliant, appendages, wereblooded
A: horns 2, talons 2
a: End Transformation


You were on level 5 of the Dungeon.
You had temporarily grown beastly horns and talons.
You visited 1 branch of the dungeon, and saw 5 of its levels.

You collected 102 gold pieces.

Inventory:

Hand Weapons
 n - a +3 dagger (weapon)
Armour
 a - a +0 robe (worn)
Jewellery
 h - a ring of willpower (left hand)
Scrolls
 c - a scroll of torment {unknown}
 e - a scroll of butterflies {unknown}
 g - a scroll of immolation {unknown}
 i - a scroll of amnesia {unknown}
 j - a scroll of fear {unknown}
 m - a scroll of identify {unknown}
Potions
 b - a potion of lignification
 d - a potion of curing {unknown}
 k - a potion of haste {unknown}
 l - a potion of magic {unknown}


   Skills:
 * Level 1.4 Fighting
 * Level 1.0 Armour
 * Level 2.7 Dodging
 * Level 1.1 Stealth
 * Level 3.9 Unarmed Combat
 * Level 2.8 Spellcasting
 * Level 2.8 Transmutations
 * Level 0.7 Poison Magic


You had 3 spell levels left.
You knew the following spells:

 Your Spells              Type           Power      Damage    Failure   Level
a - Beastly Appendage     Tmut           34%        N/A       6%          1
b - Wereblood             Tmut           17%        N/A       9%          2
c - Spider Form           Tmut/Pois      12%        N/A       26%         3

Your spell library contained the following spells:

 Spells                   Type           Power      Damage    Failure   Level
 Vhi's Electric Charge    Tloc/Air       6%         N/A       50%         3
 Ice Form                 Ice/Tmut       10%        N/A       71%         4
 Arcjolt                  Conj/Air       1%         1d11      99%         5
 Maxwell's Capacitive Co  Air            1%         ∞         100%        8


Dungeon Overview and Level Annotations

Branches:
Dungeon (5/15)
 Temple: D:4-7

Altars:
Okawaru

Annotations:
D:3 1 transporter
D:5 Menkaure


Innate Abilities, Weirdness & Mutations

You have temporarily grown beastly horns and talons.


Message History

Things that are here:
a +0 short sword; a +0 leather armour; an orc corpse Your transformation has ended.
Your +0 robe unmelds from your body.
Things that are here:
a +0 short sword; a +0 leather armour; an orc corpse
There is a stone staircase leading down here.
You see here a +0 robe.
You start resting.
Magic restored.
You start resting.
HP restored.
You see here a +0 robe.
n - a +3 dagger (weapon)
There is a stone staircase leading down here.
You climb downwards.
There is a stone staircase leading up here.
Menkaure, Prince of Dust comes into view.
Menkaure shouts!
Menkaure casts a spell.
Menkaure seems to speed up.
You hit Menkaure.
Menkaure is moderately damaged.
Menkaure misses you.
Casting: Beastly Appendage (safe; 6% risk of failure)
Press: ? - help, Q - select action, (/) - cycle Dir - look around, f - activate You grow a pair of large bovine horns.
Your feet morph into talons.
Menkaure hits you!
Unknown command.
Casting: Beastly Appendage (safe; 6% risk of failure)
Confirm with . or Enter, or press ? or * to list all spells.
Your blood is infused with primal strength.
Menkaure hits you!!
Ouch! That really hurt!
* * * LOW HITPOINT WARNING * * *
Unknown command.
It was a potion of brilliance.
You feel clever all of a sudden. Menkaure hits you but does no damage.
Menkaure hits you!
You die...

#. .## ..#######
......... ###.#......
############..........
#.....M@.............#
############..<.....#
#........# ##########


You could see Menkaure (fast).

Vanquished Creatures
  A scorpion (D:4)
  An iguana (D:4)
  An orc wizard (D:4)
  An adder (D:3)
  2 worms (D:2)
  A dart slug (D:4)
  4 orcs
  6 ball pythons
  4 endoplasms
  3 giant cockroaches
  4 goblins
  3 hobgoblins
  6 kobolds
  A quokka (D:4)
  A bat (D:3)
  3 frilled lizards
  A rat (D:3)
43 creatures vanquished.

Notes
Turn   | Place    | Note
-------+----------+-------------------------------------------
     0 | D:1      | ChrisAssaf the Human Transmuter began the quest for the
                  | Orb.
     0 | D:1      | Reached XP level 1. HP: 15/15 MP: 3/3
    16 | D:1      | You fall into a shaft and drop 1 floor!
    84 | D:2      | Found an iron altar of Okawaru.
   102 | D:2      | Reached XP level 2. HP: 21/21 MP: 3/5
   105 | D:2      | Learned a level 2 spell: Wereblood
   455 | D:2      | Reached XP level 3. HP: 26/26 MP: 3/6
   459 | D:2      | Learned a level 3 spell: Spider Form
   648 | D:3      | Found a transporter.
   887 | D:3      | Reached XP level 4. HP: 30/32 MP: 5/7
  1107 | D:4      | Noticed a scorpion
  1114 | D:4      | Killed a scorpion
  1115 | D:4      | Reached skill level 1 in Stealth
  1115 | D:4      | Reached XP level 5. HP: 34/37 MP: 4/9
  1185 | D:5      | Entered Level 5 of the Dungeon
  1193 | D:4      | Reached skill level 1 in Armour
  1312 | D:5      | Noticed Menkaure
  1319 | D:5      | Mangled by Menkaure

Illustrated notes

Levels and vault maps discovered:
D:1:      mrwooster_arrival_statue, layout_basic
D:2:      minmay_angry_zag, layout_loops_ring, basic_altar
D:3:      layout_loops_cross, gammafunk_ghost_abyssal_escape
D:4:      layout_loops_ring
D:5:      layout_rooms, minmay_temple_entry_waves, lightli_minifort,
          uniq_crazy_yiuf_cottage, uniq_menkaure, uniq_duvessa

Skill      XL: |  1  2  3  4  5 |
---------------+----------------+-----
Stealth        | 1 |  1.1
Armour         | 1 |  1.0
Fighting       | |  1.4
Dodging        | |  2.7
Unarmed Combat | |  3.9
Spellcasting   | |  2.8
Transmutations | |  2.8
Poison Magic   | |  0.7

Action                     |  1- 3 |  4- 6 || total
---------------------------+-------+-------++-------
  Melee: Unarmed           |    54 |    27 ||    81
         Kick              |    12 |     2 ||    14
         Headbutt          |    12 |     7 ||    19
         Punch             |     1 |     1 ||     2
         Dagger            |       |     1 ||     1
   Cast: Beastly Appendage |    18 |     7 ||    25
         Wereblood         |     4 |     2 ||     6
         Spider Form       |     1 |     3 ||     4
    Use: Potion            |       |     1 ||     1
   Stab: Sleeping          |     1 |       ||     1
 Armour: Robe              |     7 |    11 ||    18
  Dodge: Dodged            |    26 |    27 ||    53
